 Dungeon Crawl Stone Soup version 0.25-a0-589-g1e14c549ee (webtiles) character file.

Game seed: 16269645761951162157, levelgen mode: deterministic

28 KiliKikkendorf the Slasher (level 3, 0/30 HPs)
             Began as a Ghoul Gladiator on Mar 9, 2020.
             Killed from afar by a dart slug (6 damage)
             ... with a slug dart
             ... on level 2 of the Dungeon.
             The game lasted 00:05:16 (884 turns).

KiliKikkendorf the Slasher (Ghoul Gladiator)         Turns: 884, Time: 00:05:16

Health: 0/30       AC:  7    Str: 18    XL:     3   Next: 12%
Magic:  2/2        EV: 10    Int:  3    God:
Gold:   11         SH:  0    Dex: 10    Spells: 2/2 levels left

rFire    . . .     SeeInvis .   a - +1 long sword
rCold    + . .     Gourm    .   (no shield)
rNeg     + + +     Faith    .   j - +0 scale mail
rPois    ∞         Spirit   .   c - +0 helmet
rElec    .         Reflect  .   (no cloak)
rCorr    .         Harm     .   (no gloves)
MR       .....                  (no boots)
Stlth    ..........             (no amulet)
HPRegen  0.00/turn              e - ring of flight
MPRegen  0.08/turn              (no ring)

@: rotting
A: rotting body, claws 1, carnivore, cold resistance 1, negative energy
resistance 3, inhibited regeneration, torment resistance, unbreathing
a: Evoke Flight


You were on level 2 of the Dungeon.
You were not hungry.

You visited 1 branch of the dungeon, and saw 2 of its levels.

You collected 11 gold pieces.

Inventory:

Hand Weapons
 a - a +1 long sword (weapon)
Missiles
 b - 22 bolts
 d - 3 throwing nets (quivered)
Armour
 c - a +0 helmet (worn)
 j - a +0 scale mail (worn)
Jewellery
 e - a ring of flight (left claw)
Scrolls
 i - a scroll of remove curse
Potions
 g - a potion of flight
 h - 3 potions of curing
Comestibles
 f - a ration


   Skills:
 + Level 2.4 Fighting
 + Level 3.3 Long Blades
 + Level 1.7 Throwing
 + Level 3.0 Dodging


You had 2 spell levels left.
You didn't know any spells.
Your spell library was empty.

Dungeon Overview and Level Annotations

Branches:
Dungeon (2/15)

Altars:


Innate Abilities, Weirdness & Mutations

Your body is rotting away.
You thrive on raw meat.
You are immune to poison.
You have sharp fingernails.
You are carnivorous and can eat meat at any time.
Your flesh is cold resistant. (rC+)
You are immune to negative energy. (rN+++)
You do not regenerate when monsters are visible.
You are immune to unholy pain and torment.
You can survive without breathing.


Message History

You hit the phantom.
The phantom is lightly damaged.
The phantom closely misses you.
You hit the phantom.
The phantom is moderately damaged.
The phantom hits you but does no damage.
You barely miss the phantom.
The phantom is moderately damaged.
The phantom hits you.
* * * LOW HITPOINT WARNING * * *
The phantom blinks!
The phantom blinks!
The dart slug bites you.
* * * LOW HITPOINT WARNING * * *
You hear a splashing noise.
The dart slug launches a dart at you. The slug dart misses you.
The phantom blinks!
The dart slug launches a dart at you. The slug dart hits you.
You die...

## .. .# ### .###.#
########..$..#
#.......####.#
#(...........#
#.(.w...###.<#
##...§..@# #.##
#..........# #..
.......♣♣♣♣♣.......
##...♣♣♣ ♣#.....
#..≈ P.##### ...PP
K♣≈ #.... ≈P♣ #..


You could see a dart slug.

Vanquished Creatures
  A leopard gecko (D:1)
  4 bats
  A giant cockroach (D:1)
  7 goblins (D:1)
  4 hobgoblins (D:1)
  4 kobolds (D:1)
21 creatures vanquished.

Notes
Turn   | Place    | Note
-------+----------+-------------------------------------------
     0 | D:1      | KiliKikkendorf the Ghoul Gladiator began the quest for the
                  | Orb.
     0 | D:1      | Reached XP level 1. HP: 17/17 MP: 0/0
    94 | D:1      | Reached XP level 2. HP: 4/24 MP: 1/1
   474 | D:1      | Reached XP level 3. HP: 15/30 MP: 2/2
   866 | D:2      | Noticed a phantom
   884 | D:2      | Killed from afar by a dart slug

Levels and vault maps discovered:
D:1:      enne_arrival_octagon_isle, layout_basic
D:2:      layout_basic, chequers_ecumenical_altar_grove, serial_bayou_ford_a,
          st_stairs_12

Skill      XL: |  1  2 |
---------------+-------+-----
Long Blades    | 3 |  3.3
Dodging        | 3 |  3.0
Fighting       | |  2.4
Throwing       | |  1.7

Action                   || total
-------------------------++-------
Melee: Long sword        ||    60
Throw: Throwing net      ||     2
  Use: Potion            ||     3
       Scroll            ||     3
  Eat: Chunk             ||     4
Armor: Leather armour    ||    22
       Scale mail        ||     2
Dodge: Dodged            ||    55
       Rpst.: Long sword ||    23

Table legend:
 A = Non-vault XP
 B = Vault XP
 C = Vault XP percentage of total XP
 D = Non-vault monster count
 E = Vault monster count
 F = Vault count percentage of total count
                 A         B        C        D         E       F
            +---------+---------+-------+---------+---------+-------
      Total |      40 |       0 |   0.0 |      21 |       0 |   0.0
            +---------+---------+-------+---------+---------+-------
        D:1 |      39 |       0 |   0.0 |      20 |       0 |   0.0
        D:2 |       1 |       0 |   0.0 |       1 |       0 |   0.0
            +---------+---------+-------+---------+---------+-------
